[Event "ICC tourney 2556 (25 5)"]
[Site "Internet Chess Club"]
[Date "2021.05.09"]
[Round "5"]
[White "BEARD, THEO:K05-16437551"]
[Black "KASERA, SAANVI:K05-16376033"]
[Result "0-1"]
[ICCResult "White checkmated"]
[WhiteElo "521"]
[BlackElo "951"]
[Opening "Benko's opening"]
[ECO "A00"]
[NIC "VO.09"]
[Time "11:32:31"]
[PlyCount "80"]
[TimeControl "1500+5"]

1. g3 e5 2. Bg2 Bc5 3. d3 h6 4. Nf3 Nc6 5. O-O d6 6. h4 Bg4 7. e4 Nd4 8.
Nbd2 Qf6 9. a3 Ne7 10. c3 Nxf3+ 11. Nxf3 O-O 12. Be3 Bxe3 13. fxe3 Qe6 14.
Qe1 Bh3 15. Bxh3 Qxh3 16. d4 exd4 17. exd4 Ng6 18. e5 dxe5 19. dxe5 Rae8
20. Rd1 Qf5 21. Nd4 Qh5 22. Rf5 Qg4 23. e6 fxe6 24. Rxf8+ Nxf8 25. Qe2
Qxg3+ 26. Qg2 Qxh4 27. Nf3 Qa4 28. Kf2 Qxd1 29. Qf1 Qxf1+ 30. Kxf1 e5 31.
Ke2 e4 32. Nd4 Ne6 33. Ke3 Nxd4 34. cxd4 g5 35. Kf2 g4 36. Kg3 h5 37. Kf4
e3 38. Kg3 e2 39. Kf2 e1=Q+ 40. Kg2 Re2# { White checkmated } 0-1

[Event "ICC tourney 2556 (25 5)"]
[Site "Internet Chess Club"]
[Date "2021.05.09"]
[Round "5"]
[White "WISHWAS, SUKRIT:K05-16469652"]
[Black "MUKTINUTALAPATI, NIKHIL:K05-16577451"]
[Result "1-0"]
[ICCResult "Black checkmated"]
[WhiteElo "731"]
[BlackElo "316"]
[Opening "Two knights defense (Modern bishop's opening)"]
[ECO "C55"]
[NIC "IG.01"]
[Time "11:30:35"]
[PlyCount "45"]
[TimeControl "1500+5"]

1. e4 e5 2. Nf3 Nc6 3. Bc4 Nf6 4. d3 d5 5. exd5 Na5 6. Nxe5 Nxc4 7. Nxc4
Ng4 8. Qe2+ Be7 9. O-O Nh6 10. h3 O-O 11. Bxh6 b5 12. Ne5 Bd6 13. Nc6 Re8
14. Qf3 Qh4 15. Be3 Bb7 16. Nc3 b4 17. Nb5 Rac8 18. Nxd6 cxd6 19. Rae1 Qf6
20. Qg3 Bxc6 21. dxc6 Rxc6 22. Bg5 Qg6 23. Rxe8# { Black checkmated } 1-0

[Event "ICC tourney 2556 (25 5)"]
[Site "Internet Chess Club"]
[Date "2021.05.09"]
[Round "5"]
[White "SASTRY, ARUSH:K05-30017444"]
[Black "VARMA, ISHAN:K05-16055185"]
[Result "1-0"]
[ICCResult "Black checkmated"]
[WhiteElo "381"]
[BlackElo "931"]
[Opening "two knights defense: Wilkes Barre (Traxler) variation"]
[ECO "C57"]
[NIC "KP.01"]
[Time "11:34:56"]
[PlyCount "37"]
[TimeControl "1500+5"]

1. e4 e5 2. Nf3 Nc6 3. Bc4 Nf6 4. Ng5 Bc5 5. Bxf7+ Kf8 6. Bb3 Bxf2+ 7. Kxf2
d5 8. exd5 Ng4+ 9. Ke1 Nd4 10. Rf1+ Ke8 11. d3 Nxh2 12. Qh5+ g6 13. Qxh2
Qd7 14. Ne4 Qe7 15. Bg5 Qb4+ 16. c3 Nc2+ 17. Bxc2 Qxb2 18. Qxe5+ Kd7 19.
Rf7# { Black checkmated } 1-0

[Event "ICC tourney 2556 (25 5)"]
[Site "Internet Chess Club"]
[Date "2021.05.09"]
[Round "5"]
[White "MAASAI DANIELS, INDIGO:K05-30096534"]
[Black "MORITANI, SHO:K05-16760848"]
[Result "0-1"]
[ICCResult "White resigns"]
[WhiteElo "1100"]
[BlackElo "1456"]
[Opening "Sicilian: closed, 2...Nc6"]
[ECO "B23"]
[NIC "SI.44"]
[Time "11:30:58"]
[PlyCount "48"]
[TimeControl "1500+5"]

1. e4 c5 2. Nc3 Nc6 3. Bc4 e6 4. Qf3 Nf6 5. Nge2 Ne5 6. Qf4 Nxc4 7. e5 Nxe5
8. Qxe5 Be7 9. h3 d6 10. Qh2 a6 11. a4 d5 12. d3 Bd6 13. Bf4 Bxf4 14. Qxf4
Qe7 15. O-O-O Bd7 16. Rhe1 O-O 17. Ng3 b5 18. a5 b4 19. Nce2 Qd8 20. b3
Qxa5 21. Rg1 c4 22. bxc4 dxc4 23. Qxc4 Rfc8 24. Qb3 Ba4 { White resigns }
0-1

[Event "ICC tourney 2556 (25 5)"]
[Site "Internet Chess Club"]
[Date "2021.05.09"]
[Round "5"]
[White "SINHA, RITIKA:K05-30103427"]
[Black "SINGHAL, MEENAKSHI:K05-16551160"]
[Result "0-1"]
[ICCResult "White checkmated"]
[WhiteElo "100"]
[BlackElo "603"]
[Opening "Réti opening"]
[ECO "A04"]
[NIC "QP.11"]
[Time "11:36:23"]
[PlyCount "40"]
[TimeControl "1500+5"]

1. Nf3 Nc6 2. Nh4 e5 3. e4 Qxh4 4. Qe2 Nf6 5. b4 Nxb4 6. c4 Bc5 7. Ba3 d6
8. g3 Qh6 9. Nc3 Bg4 10. h3 Bxe2 11. Bxe2 Nfd5 12. d3 Qf6 13. f4 exf4 14.
Rf1 Nc2+ 15. Kd2 Nxa1 16. Rxa1 fxg3 17. exd5 Qf4+ 18. Ke1 Bxa3 19. c5 g2
20. Bf1 gxf1=Q# { White checkmated } 0-1

[Event "ICC tourney 2556 (25 5)"]
[Site "Internet Chess Club"]
[Date "2021.05.09"]
[Round "5"]
[White "YIN, HAOXUAN:K05-16009384"]
[Black "PARIZIANU, PHILIP:K05-16138477"]
[Result "1-0"]
[ICCResult "Black resigns"]
[WhiteElo "790"]
[BlackElo "1334"]
[Opening "Ruy Lopez: 5.O-O"]
[ECO "C78"]
[NIC "RL.12"]
[Time "11:31:33"]
[PlyCount "53"]
[TimeControl "1500+5"]

1. e4 e5 2. Nf3 Nc6 3. Bb5 a6 4. Ba4 Nf6 5. O-O b5 6. Bb3 Be7 7. c3 d6 8.
h3 Na5 9. Bc2 Bb7 10. Re1 O-O 11. d4 Nc6 12. Nbd2 Nd7 13. Nf1 Re8 14. Ng3
Bh4 15. d5 Na7 16. Nxh4 Qxh4 17. Nf5 Qf6 18. Re3 Nc8 19. Rg3 g6 20. Nh6+
Kg7 21. Rf3 Qh4 22. Rxf7+ Kh8 23. Rxd7 Re7 24. Rd8+ Kg7 25. Rg8+ Kf6 26.
Qf3+ Qf4 27. Bxf4 { Black resigns } 1-0

[Event "ICC tourney 2556 (25 5)"]
[Site "Internet Chess Club"]
[Date "2021.05.09"]
[Round "5"]
[White "SHENVI PRIOLKAR, ANSH:K05-30065668"]
[Black "SIZOVA, SOPHIA:K05-16858008"]
[Result "1-0"]
[ICCResult "Black resigns"]
[WhiteElo "941"]
[BlackElo "657"]
[Opening "Sicilian"]
[ECO "B56"]
[NIC "SI.01"]
[Time "11:32:31"]
[PlyCount "41"]
[TimeControl "1500+5"]

1. e4 c5 2. Nf3 d6 3. d4 cxd4 4. Nxd4 Nf6 5. Nc3 Bd7 6. Bc4 e6 7. Be3 Be7
8. f3 a6 9. Qd2 O-O 10. g4 Nc6 11. h4 Nxd4 12. Qxd4 b5 13. Bb3 Qc7 14. h5
h6 15. g5 e5 16. Qd2 Ne8 17. gxh6 gxh6 18. Bxh6 Ng7 19. Qg2 Bf6 20. Rg1
Rfd8 21. Nd5 { Black resigns } 1-0

[Event "ICC tourney 2556 (25 5)"]
[Site "Internet Chess Club"]
[Date "2021.05.09"]
[Round "5"]
[White "QIAO, EVELYN:K05-16026633"]
[Black "ULUGBEKOVICH KHASANOV, ALISHER:K05-17028741"]
[Result "1-0"]
[ICCResult "Black checkmated"]
[WhiteElo "1575"]
[BlackElo "1227"]
[Opening "Caro-Kann defense"]
[ECO "B10"]
[NIC "CK.01"]
[Time "11:32:46"]
[PlyCount "45"]
[TimeControl "1500+5"]

1. e4 c6 2. Nf3 d5 3. exd5 cxd5 4. Ne5 Nc6 5. d4 Nxe5 6. dxe5 Bf5 7. Bb5+
Bd7 8. Qxd5 Qa5+ 9. Nc3 Rd8 10. Bxd7+ Rxd7 11. Qxa5 b6 12. Qb5 e6 13. O-O
Bc5 14. Rd1 Nf6 15. exf6 O-O 16. Qxd7 h6 17. Ne4 g5 18. Bxg5 h5 19. Bh6 Kh7
20. Bxf8 Bxf8 21. Qxf7+ Kh8 22. Qxf8+ Kh7 23. Qg7# { Black checkmated } 1-0

[Event "ICC tourney 2556 (25 5)"]
[Site "Internet Chess Club"]
[Date "2021.05.09"]
[Round "5"]
[White "LEYTE VIDAL, BRANDON:K05-17196870"]
[Black "KRISHNAN, SHREYANK:K05-16258876"]
[Result "0-1"]
[ICCResult "White checkmated"]
[WhiteElo "1118"]
[BlackElo "1486"]
[Opening "Two knights defense"]
[ECO "C58"]
[NIC "KP.01"]
[Time "11:31:17"]
[PlyCount "104"]
[TimeControl "1500+5"]

1. e4 e5 2. Nf3 Nc6 3. Bc4 Nf6 4. Ng5 d5 5. exd5 Na5 6. Bb5+ c6 7. dxc6
bxc6 8. Ba4 h6 9. Nf3 e4 10. Ne5 Bd7 11. Nxd7 Qxd7 12. Nc3 Qc7 13. Qe2 Qe7
14. d3 exd3 15. Qxe7+ Bxe7 16. cxd3 O-O 17. O-O Rad8 18. Bc2 Rfe8 19. Bf4
Nb7 20. Rad1 Bc5 21. Ba4 Rc8 22. a3 Bd4 23. Bb3 c5 24. Na4 Na5 25. Bc2 Ng4
26. h3 Nxf2 27. Rxf2 Re2 28. Rf1 Rxc2 29. Bd2 Rxd2 30. Nc3 Rxf2 31. Rxf2
Re8 32. Kf1 Bxf2 33. Kxf2 Rb8 34. Na4 c4 35. dxc4 Nxc4 36. b4 Nxa3 37. Nc5
Rxb4 38. Na6 Rb2+ 39. Kg3 Kf8 40. Nc5 Ke7 41. Nd3 Rb3 42. Kf4 Rxd3 43. g4
Kf6 44. h4 Rd4+ 45. Kg3 g5 46. h5 Rd3+ 47. Kf2 Ke5 48. Ke2 Ke4 49. Kf2 Rf3+
50. Kg2 Kf4 51. Kg1 Kg3 52. Kh1 Rf1# { White checkmated } 0-1

[Event "ICC tourney 2556 (25 5)"]
[Site "Internet Chess Club"]
[Date "2021.05.09"]
[Round "5"]
[White "POLICELLI, CYRUS:K05-16341942"]
[Black "LIM, HAYUL:K05-30151794"]
[Result "1-0"]
[ICCResult "Black checkmated"]
[WhiteElo "863"]
[BlackElo "1095"]
[Opening "Scotch gambit"]
[ECO "C50"]
[NIC "IG.02"]
[Time "11:32:00"]
[PlyCount "73"]
[TimeControl "1500+5"]

1. e4 e5 2. Nf3 Nc6 3. Bc4 Bc5 4. d4 exd4 5. Ng5 Ne5 6. Nxf7 Nxf7 7. Bxf7+
Kxf7 8. Qh5+ g6 9. Qxc5 Nf6 10. Qxd4 Re8 11. Bg5 Rxe4+ 12. Qxe4 Nxe4 13.
Bxd8 d5 14. Bxc7 Bf5 15. Na3 Re8 16. O-O-O Nxf2 17. Rhf1 Nxd1 18. Rxd1 Rc8
19. Bg3 b5 20. c3 b4 21. Nb5 a6 22. Nd6+ Kg7 23. Nxc8 Bxc8 24. Rxd5 bxc3
25. bxc3 Bb7 26. Rd7+ Kh6 27. Rxb7 a5 28. c4 a4 29. c5 Kg5 30. c6 a3 31. c7
h6 32. c8=Q Kh5 33. Rb5+ g5 34. Qe8+ Kg4 35. Rb4+ Kf5 36. Re4 h5 37. Qe6# {
Black checkmated } 1-0

[Event "ICC tourney 2556 (25 5)"]
[Site "Internet Chess Club"]
[Date "2021.05.09"]
[Round "5"]
[White "TANN, KEVIN:K05-16685678"]
[Black "WUERTELE, MILES:K05-16262564"]
[Result "1-0"]
[ICCResult "Black checkmated"]
[WhiteElo "142"]
[BlackElo "819"]
[Opening "Benko's opening"]
[ECO "A00"]
[NIC "VO.09"]
[Time "11:32:30"]
[PlyCount "131"]
[TimeControl "1500+5"]

1. g3 e5 2. b3 Nc6 3. Bb2 d6 4. Bg2 Bg4 5. d3 f5 6. Nf3 Bxf3 7. Bxf3 Qg5 8.
Qd2 Qxd2+ 9. Nxd2 Nd4 10. Bxd4 exd4 11. Bxb7 Rb8 12. Bc6+ Kd8 13. O-O Be7
14. e4 Bg5 15. Nf3 Be7 16. exf5 Rb6 17. Be4 Nf6 18. Rae1 Re8 19. Ng5 Nxe4
20. Nxe4 Rb5 21. g4 Re5 22. Ng3 Bh4 23. Rxe5 dxe5 24. Kg2 Bxg3 25. Kxg3 g6
26. fxg6 hxg6 27. f4 exf4+ 28. Rxf4 Re3+ 29. Kh4 Re5 30. Rxd4+ Ke7 31. Re4
Ke6 32. Rxe5+ Kxe5 33. Kg5 Ke6 34. Kxg6 Kd5 35. h4 Ke6 36. g5 Ke7 37. h5
Kf8 38. h6 Kg8 39. c4 a6 40. a4 c6 41. d4 Kh8 42. b4 Kg8 43. b5 axb5 44.
cxb5 cxb5 45. axb5 Kf8 46. b6 Ke7 47. b7 Kd6 48. h7 Kd5 49. Kf7 Kxd4 50. g6
Kd3 51. b8=Q Kd2 52. Qb3 Kc1 53. Qa2 Kd1 54. Qb2 Ke1 55. Qc2 Kf1 56. Qd2
Kg1 57. Qe2 Kh1 58. h8=Q+ Kg1 59. Qeh2+ Kf1 60. Q8h3+ Ke1 61. Qe5+ Kf2 62.
Qhf5+ Kg2 63. Qee4+ Kg3 64. Qeg4+ Kh2 65. Qf2+ Kh1 66. Qgg2# { Black
checkmated } 1-0

[Event "ICC tourney 2556 (25 5)"]
[Site "Internet Chess Club"]
[Date "2021.05.09"]
[Round "5"]
[White "SAENZ, DANIEL:K05-16885041"]
[Black "SRINIVASAN, VISHWATH:K05-16418200"]
[Result "1-0"]
[ICCResult "Black checkmated"]
[WhiteElo "1018"]
[BlackElo "731"]
[Opening "Scotch gambit"]
[ECO "C44"]
[NIC "SO.06"]
[Time "11:32:29"]
[PlyCount "55"]
[TimeControl "1500+5"]

1. e4 e5 2. Nf3 Nc6 3. d4 exd4 4. Bc4 Bc5 5. c3 dxc3 6. Bxf7+ Kxf7 7. Qd5+
Ke8 8. Qh5+ Kf8 9. Qxc5+ d6 10. Qxc3 d5 11. Bg5 Qd7 12. Nbd2 dxe4 13. Nxe4
Qd5 14. Ng3 Qe6+ 15. Be3 Nf6 16. O-O Kf7 17. Rfe1 Qg4 18. Qb3+ Kf8 19. Bc5+
Ne7 20. Bxe7+ Ke8 21. Rad1 Bd7 22. Bxf6+ Kf8 23. Ne5 Qe6 24. Nxd7+ Ke8 25.
Rxe6+ Kf7 26. Re7+ Kg6 27. Rxg7+ Kh6 28. Qe3# { Black checkmated } 1-0

[Event "ICC tourney 2556 (25 5)"]
[Site "Internet Chess Club"]
[Date "2021.05.09"]
[Round "5"]
[White "SHETTY, DARSH:K05-16728985"]
[Black "DEVARAJ, SIRI:K05-16369654"]
[Result "1-0"]
[ICCResult "Black checkmated"]
[WhiteElo "1431"]
[BlackElo "1077"]
[Opening "Sicilian: dragon, Yugoslav attack, 10.O-O-O"]
[ECO "B78"]
[NIC "SI.18"]
[Time "11:30:59"]
[PlyCount "59"]
[TimeControl "1500+5"]

1. e4 c5 2. Nf3 d6 3. d4 cxd4 4. Nxd4 Nf6 5. Nc3 g6 6. Be3 Bg7 7. f3 O-O 8.
Qd2 Nc6 9. Bc4 Bd7 10. O-O-O Rc8 11. Bb3 Nxd4 12. Bxd4 b5 13. Nd5 Be6 14.
Nxf6+ exf6 15. Bxe6 fxe6 16. Bc3 Rc6 17. h4 Rf7 18. Kb1 a6 19. g4 Ra7 20.
Ba5 Qb8 21. Bb4 Rd7 22. h5 Qf8 23. h6 Bh8 24. f4 Qd8 25. f5 exf5 26. Qd5+
Kf8 27. Qxc6 fxe4 28. Bxd6+ Kf7 29. Qd5+ Ke8 30. Qg8# { Black checkmated }
1-0

[Event "ICC tourney 2556 (25 5)"]
[Site "Internet Chess Club"]
[Date "2021.05.09"]
[Round "5"]
[White "ANEJA, SHIVISH:K05-30036465"]
[Black "MACRAE RUML, HUGH:K05-30130694"]
[Result "1-0"]
[ICCResult "Black checkmated"]
[WhiteElo "674"]
[BlackElo "206"]
[Opening "Four knights: Italian variation"]
[ECO "C55"]
[NIC "IG.01"]
[Time "11:32:17"]
[PlyCount "109"]
[TimeControl "1500+5"]

1. e4 e5 2. Nf3 Nc6 3. Bc4 Nf6 4. Nc3 Bb4 5. a3 Bxc3 6. dxc3 Nxe4 7. O-O
O-O 8. Ne1 Na5 9. Bd5 Nf6 10. Bf3 e4 11. Be2 d5 12. b4 Nc4 13. Bxc4 dxc4
14. Qxd8 Rxd8 15. Bf4 Nd5 16. Bg5 f6 17. Bh4 Nxc3 18. f3 exf3 19. Nxf3 g5
20. Bg3 Bg4 21. Bxc7 Rdc8 22. Bg3 Bf5 23. Nd2 Rd8 24. Nxc4 Bxc2 25. Rac1
Bd3 26. Rxf6 Bxc4 27. Rxc3 Rf8 28. Rxf8+ Rxf8 29. Rxc4 Rd8 30. Bc7 Rd1+ 31.
Kf2 Rd2+ 32. Ke3 Rxg2 33. Re4 Rxh2 34. Bxh2 Kg7 35. Re7+ Kf6 36. Rxb7 g4
37. Rxa7 Kg5 38. Rxh7 Kg6 39. Rh4 Kg5 40. Rh8 Kg6 41. b5 Kg7 42. b6 Kxh8
43. b7 g3 44. b8=Q+ Kg7 45. Qxg3+ Kf6 46. Qf4+ Ke6 47. Qe5+ Kd7 48. Qd6+
Ke8 49. Qc7 Kf8 50. Qd7 Kg8 51. Qe7 Kh8 52. Ke4 Kg8 53. Kf5 Kh8 54. Kg6 Kg8
55. Qg7# { Black checkmated } 1-0

[Event "ICC tourney 2556 (25 5)"]
[Site "Internet Chess Club"]
[Date "2021.05.09"]
[Round "5"]
[White "T MARSHALLECK, DAVID:K05-16371805"]
[Black "ARJI, SAMARTH:K05-16959461"]
[Result "0-1"]
[ICCResult "White checkmated"]
[WhiteElo "913"]
[BlackElo "457"]
[Opening "Ruy Lopez: four knights (Tarrasch) variation"]
[ECO "C48"]
[NIC "KP.03"]
[Time "11:32:56"]
[PlyCount "66"]
[TimeControl "1500+5"]

1. e4 e5 2. Nf3 Nc6 3. Nc3 Nf6 4. Bb5 a6 5. Ba4 Bc5 6. d3 b5 7. Bb3 O-O 8.
O-O h6 9. h3 d6 10. Be3 Bxe3 11. fxe3 a5 12. Nxb5 a4 13. Bc4 d5 14. exd5
Nxd5 15. e4 Ne3 16. Qe2 Nxf1 17. Rxf1 Ba6 18. Nc3 Bxc4 19. dxc4 a3 20. b3
Re8 21. Rd1 Qf6 22. Qf2 Red8 23. Rxd8+ Rxd8 24. Qc5 Nd4 25. Qxc7 Nxf3+ 26.
gxf3 Qg6+ 27. Kh1 Rd3 28. Qd7 Rxd7 29. Nd5 Qg3 30. Nc3 Qxf3+ 31. Kh2 Qxc3
32. Kg2 Rd2+ 33. Kf1 Qa1# { White checkmated } 0-1

[Event "ICC tourney 2556 (25 5)"]
[Site "Internet Chess Club"]
[Date "2021.05.09"]
[Round "5"]
[White "POTLURI, ROHAN:K05-17308405"]
[Black "PENG, JUSTIN:K05-17057952"]
[Result "0-1"]
[ICCResult "White checkmated"]
[WhiteElo "453"]
[BlackElo "878"]
[Opening "King's pawn game"]
[ECO "C44"]
[NIC "KP.07"]
[Time "11:30:42"]
[PlyCount "60"]
[TimeControl "1500+5"]

1. e4 e5 2. Nf3 Nc6 3. d3 Bc5 4. h3 h6 5. Be2 Nf6 6. Nc3 d6 7. Bd2 O-O 8.
O-O Be6 9. Qc1 Nh7 10. a3 a6 11. Be3 Ba7 12. Bxa7 Nxa7 13. Nd5 Bxd5 14.
exd5 Qd7 15. c4 c6 16. dxc6 Nxc6 17. Bd1 b5 18. cxb5 axb5 19. Bb3 Rac8 20.
Qd2 Rfe8 21. Rfe1 Nf6 22. Rac1 Nd4 23. Rc7 Nxf3+ 24. gxf3 Rxc7 25. d4 exd4
26. Rxe8+ Nxe8 27. Qxd4 Qxh3 28. Qe3 Nf6 29. Qb6 Rc1+ 30. Bd1 Rxd1# { White
checkmated } 0-1

[Event "ICC tourney 2556 (25 5)"]
[Site "Internet Chess Club"]
[Date "2021.05.09"]
[Round "5"]
[White "WANG, ETHAN:K05-15914623"]
[Black "COE, CAMERON:K05-16062903"]
[Result "1-0"]
[ICCResult "Black checkmated"]
[WhiteElo "1409"]
[BlackElo "915"]
[Opening "Ruy Lopez: exchange variation, 5.O-O"]
[ECO "C68"]
[NIC "RL.08"]
[Time "11:32:40"]
[PlyCount "103"]
[TimeControl "1500+5"]

1. e4 e5 2. Nf3 Nc6 3. Bb5 a6 4. Bxc6 dxc6 5. O-O Bd6 6. d4 exd4 7. Qxd4
Ne7 8. Qxg7 Rf8 9. Bh6 Rg8 10. Qxh7 Bh3 11. Ng5 Bf4 12. Nxh3 Bxh6 13. Qxh6
Qd7 14. Kh1 O-O-O 15. Nc3 Rh8 16. Qe3 Kb8 17. Qf3 Ng6 18. Rad1 Qe7 19.
Rxd8+ Rxd8 20. Rd1 Rxd1+ 21. Qxd1 Qd6 22. Qxd6 cxd6 23. Ng5 f6 24. Nh7 Ne5
25. Nxf6 Kc7 26. h4 Ng6 27. h5 Nf8 28. h6 Ng6 29. h7 Nh8 30. Kh2 d5 31.
exd5 cxd5 32. Ncxd5+ Kd6 33. Kg3 Ke6 34. Kf4 Ng6+ 35. Kg5 Nh8 36. Kh6 Kf7
37. c4 Ng6 38. b4 Nh8 39. b5 axb5 40. cxb5 b6 41. Ng8 Ng6 42. Nxb6 Nh8 43.
a4 Ng6 44. a5 Nh8 45. a6 Ng6 46. a7 Ne7 47. Nxe7 Kxe7 48. h8=Q Kf7 49. Qg7+
Ke6 50. a8=Q Kf5 51. Qaf8+ Ke6 52. Qge7# { Black checkmated } 1-0

[Event "ICC tourney 2556 (25 5)"]
[Site "Internet Chess Club"]
[Date "2021.05.09"]
[Round "5"]
[White "JAMES KONG, MILO:K05-16203724"]
[Black "REMPE, LENNIK:K05-15868931"]
[Result "1-0"]
[ICCResult "Black resigns"]
[WhiteElo "1570"]
[BlackElo "1235"]
[Opening "Ruy Lopez: exchange variation"]
[ECO "C68"]
[NIC "RL.08"]
[Time "11:31:55"]
[PlyCount "37"]
[TimeControl "1500+5"]

1. e4 e5 2. Nf3 Nc6 3. Bb5 a6 4. Bxc6 dxc6 5. h3 Bd6 6. O-O h5 7. d4 Bg4 8.
dxe5 Qe7 9. exd6 cxd6 10. Bf4 Rd8 11. hxg4 hxg4 12. Nh2 Qf6 13. Bg3 Qxb2
14. Nd2 Qf6 15. Nc4 Ke7 16. e5 Qh6 17. exd6+ Kf8 18. Qxg4 Qh7 19. Qh3 {
Black resigns } 1-0

[Event "ICC tourney 2556 (25 5)"]
[Site "Internet Chess Club"]
[Date "2021.05.09"]
[Round "5"]
[White "RATH, RIYAAN:K05-16839392"]
[Black "HAN WU, SEAN:K05-16802870"]
[Result "0-1"]
[ICCResult "White checkmated"]
[WhiteElo "605"]
[BlackElo "1046"]
[Opening "Sicilian defense"]
[ECO "B30"]
[NIC "SI.31"]
[Time "11:30:42"]
[PlyCount "56"]
[TimeControl "1500+5"]

1. e4 c5 2. Nf3 Nc6 3. Bc4 g6 4. d3 Bg7 5. Nc3 Nf6 6. Bg5 d6 7. h3 O-O 8.
O-O Bd7 9. Qd2 Qc8 10. Bh6 Be6 11. Bxg7 Kxg7 12. Ng5 Bxc4 13. dxc4 h6 14.
Nf3 Qe6 15. b3 Kh7 16. Rfe1 Rad8 17. Nd5 Ne5 18. Nf4 Nxf3+ 19. gxf3 Qd7 20.
Kh2 g5 21. Nd5 Nxd5 22. exd5 Qf5 23. Qd3 Qxd3 24. cxd3 Rde8 25. Kg3 Kg6 26.
Kg4 f5+ 27. Kg3 f4+ 28. Kg4 h5# { White checkmated } 0-1

[Event "ICC tourney 2556 (25 5)"]
[Site "Internet Chess Club"]
[Date "2021.05.09"]
[Round "5"]
[White "SAHASRABUDHE, KIAN:K05-17071227"]
[Black "RAMANUJA, KESHAV:K05-30040275"]
[Result "1-0"]
[ICCResult "Black checkmated"]
[WhiteElo "121"]
[BlackElo "615"]
[Opening "Three knights game"]
[ECO "C46"]
[NIC "KP.06"]
[Time "11:32:47"]
[PlyCount "139"]
[TimeControl "1500+5"]

1. e4 e5 2. Nf3 Nc6 3. Nc3 Bc5 4. Nxe5 Nxe5 5. d4 Bb6 6. dxe5 f6 7. exf6
Qxf6 8. Qf3 Qe5 9. Bf4 Qe6 10. O-O-O Nf6 11. Bd3 Bd4 12. Kb1 Bxc3 13. bxc3
Qb6+ 14. Ka1 d6 15. Rb1 Qa5 16. Bd2 Be6 17. Rb2 O-O-O 18. e5 dxe5 19. Qxb7+
Kd7 20. Qb5+ Qxb5 21. Rxb5 Ke7 22. Rb7 Rb8 23. Rxc7+ Kf8 24. Rxa7 g6 25.
Rb1 Rxb1+ 26. Kxb1 Nd7 27. Ra8+ Kg7 28. Rxh8 Kxh8 29. a4 Bd5 30. f3 Kg7 31.
Kb2 Kf6 32. Ka3 Ke6 33. Kb4 Kd6 34. a5 Kc7 35. c4 Bc6 36. a6 Kb6 37. c5+
Ka7 38. Bg5 Nb8 39. Bd8 Nxa6+ 40. Bxa6 Kxa6 41. Kc4 Kb7 42. Kd3 Kc8 43. Bb6
Kd7 44. Ke3 Ke6 45. g4 Kd5 46. f4 exf4+ 47. Kxf4 Ke6 48. h4 Kf7 49. h5 gxh5
50. gxh5 h6 51. Ke5 Ke7 52. Bc7 Kd7 53. Bd6 Ke8 54. Kf6 Be4 55. Kg7 Bxc2
56. Kxh6 Kd7 57. Kg7 Bd3 58. h6 Bc2 59. h7 Bxh7 60. Kxh7 Kc6 61. Kg7 Kd7
62. Kf7 Kc6 63. Ke7 Kb7 64. Kd7 Ka6 65. c6 Ka7 66. c7 Kb6 67. c8=Q Ka7 68.
Qb8+ Ka6 69. Kc6 Ka5 70. Qb5# { Black checkmated } 1-0

[Event "ICC tourney 2556 (25 5)"]
[Site "Internet Chess Club"]
[Date "2021.05.09"]
[Round "5"]
[White "THIRUGNANA, KAVIN:K05-30020780"]
[Black "DAMBAL, SASHA:K05-30022386"]
[Result "0-1"]
[ICCResult "White checkmated"]
[WhiteElo "308"]
[BlackElo "821"]
[Opening "Four knights: Italian variation"]
[ECO "C47"]
[NIC "KP.06"]
[Time "11:32:54"]
[PlyCount "70"]
[TimeControl "1500+5"]

1. e4 e5 2. Nf3 Nc6 3. Nc3 Nf6 4. Bc4 Nxe4 5. Nxe4 d5 6. Bxd5 Qxd5 7. Nc3
Qd8 8. d3 Bc5 9. Bg5 f6 10. Be3 Bb6 11. Bxb6 axb6 12. Nd2 O-O 13. Qh5 Qe8
14. Qf3 Nd4 15. Qd1 Qg6 16. Nc4 Qxg2 17. Rf1 Nf3+ 18. Ke2 Bg4 19. Ne4 Nd4+
20. Ke3 Bxd1 21. Rfxd1 Nxc2+ 22. Kd2 Nxa1 23. Rxa1 Qxh2 24. b4 f5 25. Ng5
Qxf2+ 26. Kd1 Qf1+ 27. Kc2 Qxa1 28. Nxe5 Qxe5 29. Nf3 Qe2+ 30. Kc3 Qxf3 31.
Kd4 Rfd8+ 32. Ke5 Qe3+ 33. Kxf5 Rf8+ 34. Kg4 Rf4+ 35. Kg5 Qe5# { White
checkmated } 0-1

[Event "ICC tourney 2556 (25 5)"]
[Site "Internet Chess Club"]
[Date "2021.05.09"]
[Round "5"]
[White "MUKHILAN A SAMPATH, KAVIN:K05-30070336"]
[Black "VENKATRAMAN, PRANAV:K05-30038361"]
[Result "1-0"]
[ICCResult "Black checkmated"]
[WhiteElo "1105"]
[BlackElo "808"]
[Opening "Scandinavian (center counter) defense"]
[ECO "B01"]
[NIC "VO.17"]
[Time "11:32:01"]
[PlyCount "57"]
[TimeControl "1500+5"]

1. e4 d5 2. exd5 Bd7 3. Nc3 Nf6 4. h3 g6 5. Nf3 c6 6. dxc6 bxc6 7. Be2 c5
8. d4 cxd4 9. Nxd4 g5 10. Bxg5 Ng8 11. O-O h6 12. Bh4 Na6 13. Bxa6 f6 14.
Be2 Bg7 15. Bh5+ Kf8 16. Qd2 e6 17. Rad1 Qb8 18. Bf3 a6 19. Bxa8 Qxa8 20.
Rfe1 Qc8 21. Qe2 a5 22. Rd2 a4 23. a3 f5 24. Red1 f4 25. Nxe6+ Bxe6 26.
Rd8+ Kf7 27. Rxc8 Bxc8 28. Qh5+ Kf8 29. Rd8# { Black checkmated } 1-0

[Event "ICC tourney 2556 (25 5)"]
[Site "Internet Chess Club"]
[Date "2021.05.09"]
[Round "5"]
[White "KIRILOV SAKALIYSKI, CHRISTOPHER:K05-16115040"]
[Black "VARDHAN, SHAIV:K05-16957684"]
[Result "1-0"]
[ICCResult "Black resigns"]
[WhiteElo "1446"]
[BlackElo "1086"]
[Opening "English opening"]
[ECO "A20"]
[NIC "EO.24"]
[Time "11:32:00"]
[PlyCount "59"]
[TimeControl "1500+5"]

1. c4 e5 2. g3 Nc6 3. Bg2 Nf6 4. Nc3 Bc5 5. e3 d6 6. Nge2 O-O 7. O-O Bd7 8.
a3 a5 9. d4 exd4 10. exd4 Bb6 11. Be3 Ra7 12. c5 dxc5 13. dxc5 Bxc5 14.
Bxc5 Ra8 15. Bxf8 Qxf8 16. Nd4 Nxd4 17. Qxd4 Rb8 18. Nd5 Nxd5 19. Bxd5 Rd8
20. Rfd1 Be6 21. Qe4 b6 22. Bxe6 fxe6 23. Qxe6+ Kh8 24. Rxd8 Qxd8 25. Re1
h6 26. Qf7 Kh7 27. Qf5+ Kh8 28. Qg6 Qg8 29. Re8 Qxe8 30. Qxe8+ { Black
resigns } 1-0

[Event "ICC tourney 2556 (25 5)"]
[Site "Internet Chess Club"]
[Date "2021.05.09"]
[Round "5"]
[White "BANG, ADITYA:K05-16841804"]
[Black "MAITI, VEDANT:K05-16844427"]
[Result "1-0"]
[ICCResult "Black checkmated"]
[WhiteElo "1428"]
[BlackElo "1057"]
[Opening "two knights: Max Lange attack, Schlechter variation"]
[ECO "C44"]
[NIC "SO.06"]
[Time "11:32:56"]
[PlyCount "65"]
[TimeControl "1500+5"]

1. e4 e5 2. Nf3 Nc6 3. d4 exd4 4. Bc4 Bc5 5. O-O Nf6 6. e5 d5 7. exf6 dxc4
8. Re1+ Be6 9. fxg7 Rg8 10. Bg5 Be7 11. Bxe7 Kxe7 12. Ng5 Rxg7 13. Qh5 Qg8
14. Qh4 Kd7 15. Ne4 Qd8 16. Nc5+ Kd6 17. Nxb7+ Kd7 18. Nxd8 Rxd8 19. Nd2
Rdg8 20. g3 Rg4 21. Qh3 R4g7 22. Rxe6 fxe6 23. Ne4 Rg6 24. Qxh7+ R8g7 25.
Qh4 Ne5 26. Nf6+ Kc6 27. Qe4+ Kb6 28. Qxe5 c5 29. Qxe6+ Kb5 30. a4+ Kb4 31.
Nd5+ Ka5 32. Qe8 Rd6 33. Qb5# { Black checkmated } 1-0